 Dungeon Crawl Stone Soup version 0.30-a0-802-gb92711bcdf (webtiles) character file.

Game seed: 6391651685368632475

379 Darius099 the Cleaver (level 6, 0/52 HPs)
             Began as a Minotaur Fighter on Feb 25, 2023.
             Slain by a lemure (8 damage)
             ... led by Pikel
             ... on level 4 of the Dungeon.
             The game lasted 00:04:19 (2088 turns).

Darius099 the Cleaver (Minotaur Fighter)            Turns: 2088, Time: 00:04:20

Health: 0/52       AC:  7    Str: 23    XL:     6   Next: 45%
Magic:  5/5        EV:  9    Int:  5    God:
Gold:   262        SH:  4    Dex:  9    Spells: 5/5 levels left

rFire   . . .      SeeInvis .    a - +0 war axe
rCold   . . .      Faith    .    c - +0 buckler
rNeg    . . .      Spirit   .    b - +0 scale mail
rPois   .          Reflect  .    (helmet restricted)
rElec   .          Harm     .    (no cloak)
rCorr   .          Rampage  .    (no gloves)
Will    .....                    (no boots) Stlth
                                 (no amulet)
HPRegen 0.28/turn                (no ring)
MPRegen 0.09/turn                (no ring)

@: no status effects
A: horns 2, retaliatory headbutt
a: no special abilities


You were on level 4 of the Dungeon.
You visited 1 branch of the dungeon, and saw 4 of its levels.

You collected 262 gold pieces.

Inventory:

Hand Weapons
 a - a +0 war axe (weapon)
Missiles
 j - 23 stones (quivered)
 r - 3 poisoned darts
Armour
 b - a +0 scale mail (worn)
 c - a +0 buckler (worn)
Scrolls
 e - a scroll of magic mapping {unknown}
 h - a scroll of enchant weapon {unknown}
 k - a scroll of fog {unknown}
 l - 3 scrolls of teleportation {unknown}
 m - a scroll of enchant armour {unknown}
 n - 2 scrolls of fear {unknown}
 p - a scroll of noise {unknown}
 s - a scroll of immolation {unknown}
 v - a scroll of blinking {unknown}
Potions
 d - 2 potions of might
 g - 2 potions of lignification
 i - a potion of berserk rage {unknown}
 o - a potion of curing
 q - 2 potions of haste
 t - a potion of mutation
 u - a potion of heal wounds


   Skills:
 - Level 3.7 Fighting
 + Level 8.2 Axes
 - Level 3.7 Armour
 - Level 3.7 Shields


You had 5 spell levels left.
You didn't know any spells.
Your spell library contained the following spells:

 Spells                   Type           Power      Damage    Failure   Level
 Magic Dart               Conj           0%         1d3       86%         1
 Ensorcelled Hibernation  Hex/Ice        0%         N/A       95%         2
 Searing Ray              Conj           0%         2d4       95%         2
 Dazzling Flash           Conj/Hex       0%         N/A       99%         3
 Spider Form              Tmut/Pois      0%         N/A       99%         3
 Anguish                  Hex/Necr       0%         N/A       100%        4
 Fulminant Prism          Conj/Hex       0%         3d5       100%        4
 Agony                    Necr           0%         N/A       100%        5
 Silence                  Hex/Air        0%         N/A       100%        5


Dungeon Overview and Level Annotations

Branches:
Dungeon (4/15)
 Temple: D:4-7

Altars:
Ashenzari

Annotations:
D:4 Pikel


Innate Abilities, Weirdness & Mutations

You have a pair of horns on your head.
You reflexively headbutt those who attack you in melee.


Message History

The lemure shouts!
You hit Pikel. You headbutt Pikel.
Pikel is lightly wounded.
You slash the lemure! You closely miss the lemure.
You block the lemure's attack. The lemure hits you. Pikel barely misses you.
You hit Pikel but do no damage.
Pikel is lightly wounded.
You barely miss the lemure. x2; The lemure barely misses you.
Pikel barely misses you. The lemure hits you but does no damage.
You slash Pikel!
Pikel is heavily wounded.
You hit the lemure. You hit the lemure but do no damage. You hit the endoplasm.
The lemure hits you. The lemure closely misses you.
The endoplasm barely misses you. You furiously retaliate!
You headbutt the endoplasm!
You kill the endoplasm!
Pikel hits you with a +1 whip of flaming.
Pikel burns you.
You closely miss Pikel.
Pikel is heavily wounded.
You hit the lemure but do no damage. You barely miss the lemure.
The lemure barely misses you. The lemure hits you but does no damage.
Pikel hits you with a +1 whip of flaming.
Pikel burns you.
You closely miss Pikel. Your headbutt misses Pikel.
Pikel is heavily wounded.
You hit the lemure but do no damage. You hit the lemure.
You kill the lemure!
That felt strangely unrewarding.
The lemure closely misses you.
Pikel hits you with a +1 whip of flaming!
* * * LOW HITPOINT WARNING * * *
Pikel burns you.
* * * LOW HITPOINT WARNING * * *
The lemure hits you.
* * * LOW HITPOINT WARNING * * *
Pikel barely misses you.
You slash Pikel!
Pikel is almost dead.
You hit the lemure. The lemure hits you!
You die...

#.......#.5 # .
..._...'.5 . .. #.#.
......#. .#... ##.#.#
...5.K####.?. .#....
.....#.... ......
##+.#.⌠#..######
#....####...#.##.......#
###.#....#....5K@.#####.#
......[..#...#.5###
#......##'##.##
######.#.......#
.......##......##
................#
###..####..####.# #<.#
#..# .# #..# #.># .#


You could see Pikel and 2 lemures.

Vanquished Creatures
  Sigmund (D:2)
  A lemure (D:4)
  An orc priest (D:2)
  Terence (D:2)
  4 gnolls (D:3)
  2 adders
  2 worms (D:2)
  6 dart slugs
  7 orcs
  11 endoplasms
  4 giant cockroaches
  7 goblins
  11 hobgoblins
  6 jackals
  6 kobolds
  A quokka (D:2)
  7 ball pythons
  2 bats
  2 frilled lizards (D:2)
  6 rats
  A toadstool (D:3)
89 creatures vanquished.

Vanquished Creatures (others)
  A fungus (D:3)
  2 toadstools (D:3)
3 creatures vanquished.

Grand Total: 92 creatures vanquished

Notes
Turn   | Place    | Note
-------+----------+-------------------------------------------
     0 | D:1      | Darius099 the Minotaur Fighter began the quest for the Orb.
     0 | D:1      | Reached XP level 1. HP: 19/19 MP: 0/0
    52 | D:1      | Reached skill level 3 in Axes
    68 | D:1      | Reached XP level 2. HP: 27/27 MP: 1/1
   363 | D:1      | Reached skill level 4 in Axes
   367 | D:1      | Reached XP level 3. HP: 33/33 MP: 2/2
   517 | D:2      | Noticed Terence
   522 | D:2      | Killed Terence
   610 | D:2      | Reached skill level 5 in Axes
   647 | D:2      | Reached XP level 4. HP: 38/40 MP: 3/3
   677 | D:2      | Found a faded altar of an unknown god.
   838 | D:2      | Noticed Sigmund
   947 | D:2      | Killed Sigmund
   948 | D:2      | Reached skill level 7 in Axes
   948 | D:2      | Reached XP level 5. HP: 46/46 MP: 4/4
   948 | D:2      | Reached XP level 6. HP: 52/52 MP: 5/5
  1661 | D:3      | Reached skill level 8 in Axes
  2070 | D:4      | Found a broken altar of Ashenzari.
  2072 | D:4      | Noticed Pikel
  2088 | D:4      | Slain by a lemure

Illustrated notes

Levels and vault maps discovered:
D:1:      minmay_arrival_diagonal_passages, layout_rooms
D:2:      layout_rooms, ebering_ecumenical_altar_box, serial_bayou_pond_d,
          minmay_pentomino_w4, uniq_sigmund, uniq_terence
D:3:      layout_loops_cross, minmay_gold_behind_fungi
D:4:      layout_loops_ring, elyvilon_altar_1, evilmike_ruin_ashenzari,
          vehumet_statue, nicolae_overflow_hidden_temple,
          nemelex_spade_bored_becter, trog_ov_bears_minmay,
          hangedman_abyss_or_decor_stabs, minmay_mini_ossuary, uniq_pikel

Skill      XL: |  1  2  3  4  5  6 |
---------------+-------------------+-----
Axes           | 3 4 5 7 8 |  8.2
Fighting       | |  3.7
Armour         | |  3.7
Shields        | |  3.7

Action                     |  1- 3 |  4- 6 || total
---------------------------+-------+-------++-------
  Melee: War axe           |    69 |   108 ||   177
         Headbutt          |    11 |    14 ||    25
    Use: Scroll            |       |     5 ||     5
 Armour: Scale mail        |    31 |    24 ||    55
         Skin              |       |     8 ||     8
  Dodge: Dodged            |    23 |    44 ||    67
  Block: Buckler           |    17 |    18 ||    35

Table legend: (Time is in decaauts)
 A = Elapsed time spent in this place.
 B = Non-inter-level travel time spent in this place.
 C = Inter-level travel time spent in this place.
 D = Time resting spent in this place.
 E = Time spent auto-exploring this place.
 F = Levels seen in this place.
 G = Mean time per level.
                   A        B        C        D        E       F      G
               +--------+--------+--------+--------+--------+-----+--------+
         Total |   2111 |   2047 |     64 |     22 |   1495 |   4 |  527.8 |
       Dungeon |   2111 |   2047 |     64 |     22 |   1495 |   4 |  527.8 |
               +--------+--------+--------+--------+--------+-----+--------+

Top non-repeatable levels by time:
     D:3: 808 daAuts
     D:2: 752 daAuts
     D:1: 512 daAuts
     D:4: 38 daAuts
